 Dungeon Crawl Stone Soup version 0.21-a0-578-gc6e9d75 (webtiles) character file.

620 slep the Chopper (level 7, 0/35 HPs)
             Began as a Vine Stalker Gladiator on Dec 19, 2017.
             Slain by an orc
             ... wielding a +0 hand axe
              (5 damage)
             ... on level 5 of the Dungeon.
             The game lasted 00:09:10 (2525 turns).

slep the Chopper (Vine Stalker Gladiator)           Turns: 2525, Time: 00:09:13

Health: 0/35       AC:  6    Str: 16    XL:     7   Next: 46%
Magic:  0/8        EV: 14    Int:  8    God:
Gold:   88         SH:  0    Dex: 18    Spells: 6/6 levels left

rFire    . . .     SeeInvis .   a - +0 war axe
rCold    + . .     Gourm    .   (no shield)
rNeg     . . .     Faith    .   w - +0 robe {rC+}
rPois    .         Spirit   +   e - +2 helmet
rElec    .         Reflect  .   (no cloak)
rCorr    .         Harm     .   (no gloves)
MR       .....                  y - +0 pair of boots
Stlth    ++........             (no amulet)
HPRegen  0.51/turn              (no ring)
MPRegen  0.11/turn              (no ring)

@: no status effects
A: fangs 2, regeneration 1, magic shield, antimagic bite, no potion heal 3, rot
immunity
a: no special abilities


You were on level 5 of the Dungeon.
You were hungry.

You visited 1 branch of the dungeon, and saw 5 of its levels.

You collected 88 gold pieces.

Inventory:

Hand Weapons
 a - a +0 war axe (weapon)
Missiles
 d - 3 throwing nets (quivered)
 k - 7 poisoned needles
 x - 3 tomahawks
 B - 21 sling bullets
Armour
 b - a +0 leather armour
 c - a +0 helmet
 e - a +2 helmet (worn)
 w - a +0 robe of cold resistance (worn)
 y - a +0 pair of boots (worn)
Scrolls
 g - 5 scrolls of identify {unknown}
 i - a scroll of enchant armour {unknown}
 q - 2 scrolls of remove curse {unknown}
 s - a scroll of noise {unknown}
 t - a scroll of random uselessness {unknown}
 A - a scroll of blinking {unknown}
Potions
 h - a potion of brilliance {unknown}
 j - a potion of curing {unknown}
 l - a potion of flight {unknown}
 m - a potion of mutation {unknown}
 n - a potion of lignification {unknown}
 o - 2 potions of agility {unknown}
 p - a potion of heal wounds {unknown}
 r - 3 potions of haste {unknown}
 u - a potion of degeneration {unknown}
 v - a potion of might {unknown}
Comestibles
 f - 6 rations


   Skills:
 + Level 2.8 Fighting
 + Level 5.9 Axes
 + Level 2.0 Throwing
 + Level 1.9 Armour
 + Level 3.5 Dodging
 + Level 1.8 Stealth


You had 6 spell levels left.
You didn't know any spells.

Dungeon Overview and Level Annotations

Branches:
Dungeon (5/15)
 Temple: D:4-7

Altars:
Cheibriados


Innate Abilities, Weirdness & Mutations

You have extremely sharp teeth.
Your natural rate of healing is unusually fast.
When hurt, damage is shared between your health and your magic reserves.
Your bite disrupts and absorbs the magic of your enemies.
Potions cannot restore your health.
You are immune to rotting.


Message History

The orc hits you with a hand axe.
You hit the orc priest.
The orc priest is severely wounded.
You hit the orc but do no damage. You hit something.
The orc priest barely misses you. Something hits you but does no damage.
The orc barely misses you.
The orc priest hits you but does no damage.
You completely miss the orc priest.
The orc priest is severely wounded.
You hit the orc. You completely miss something.
Something hits you but does no damage. The orc priest hits you with a dagger.
The orc hits you but does no damage. Something hits you.
You hit the orc priest but do no damage.
The orc priest is severely wounded.
You hit the orc. You barely miss something.
The orc priest mumbles some strange prayers to Beogh against you.
Beogh smites you!
* * * LOW HITPOINT WARNING * * *
The orc hits you with a hand axe.
You die...

.# ..# ### #.#
.(. #.. #.###.#
#..o..#
.###.#o#.# #
......{@o######.#
##.###.)........#
#..####.####
#.>###...##
#..##<....###
#..#..........
#..##.....####
#............
#######.#####


You could see an orc priest and 2 orcs.

Vanquished Creatures
  A sky beast (D:5)
  2 scorpions (D:4)
  A hound (D:4)
  A bullfrog skeleton (D:4)
  An orc priest (D:3)
  4 orc wizards
  2 worker ants (D:4)
  9 adders
  A worm (D:3)
  2 dart slugs
  3 leopard geckos
  17 orcs
  3 giant cockroaches
  6 goblins
  10 hobgoblins
  3 jackals (D:4)
  4 quokkas
  5 bats
  6 frilled lizards
  4 kobolds
  6 rats
  A plant (D:4)
92 creatures vanquished.

Notes
Turn   | Place    | Note
-------+----------+-------------------------------------------
     0 | D:1      | slep the Vine Stalker Gladiator began the quest for the Orb.
     0 | D:1      | Reached XP level 1. HP: 11/11 MP: 2/2
   246 | D:1      | Reached skill level 3 in Axes
   246 | D:1      | Reached XP level 2. HP: 11/15 MP: 3/3
   688 | D:2      | Reached XP level 3. HP: 14/18 MP: 4/4
   758 | D:2      | Found a snail-covered altar of Cheibriados.
   813 | D:2      | Found a faded altar of an unknown god.
  1347 | D:3      | Reached skill level 1 in Armour
  1347 | D:3      | Gained mutation: Your natural rate of healing is unusually fast. [Vine Stalker growth]
  1347 | D:3      | Reached XP level 4. HP: 22/23 MP: 5/5
  1500 | D:3      | Reached skill level 1 in Stealth
  1501 | D:3      | Reached skill level 4 in Axes
  1501 | D:3      | Reached XP level 5. HP: 10/26 MP: 1/6
  1827 | D:4      | Reached XP level 6. HP: 17/32 MP: 7/7
  1921 | D:4      | Reached skill level 5 in Axes
  2063 | D:4      | Reached XP level 7. HP: 28/35 MP: 5/8
  2490 | D:5      | Entered Level 5 of the Dungeon
  2525 | D:5      | Slain by an orc

Vault maps used:
D:1:      evilmike_arrival_home_sweet_home
D:2:      lemuel_doored_altar, chequers_ecumenical_altar_island,
          nicolae_underground_beach
D:4:      serial_bayou_pond_d
D:5:      first_ration, minmay_shop_grid_forest, uniq_sigmund, uniq_edmund

Skill      XL: |  1  2  3  4  5  6 |
---------------+-------------------+-----
Throwing       | 2 |  2.0
Axes           | 3 4 5 |  5.9
Fighting       | 2 |  2.8
Armour         | 1 |  1.9
Stealth        | 1 |  1.8
Dodging        | 3 |  3.5

Action                   |  1- 3 |  4- 6 |  7- 9 || total
-------------------------+-------+-------+-------++-------
Melee: War axe           |    76 |   120 |    65 ||   261
       Bite              |    17 |    35 |    26 ||    78
 Stab: Sleeping          |     2 |     2 |     1 ||     5
       Distracted        |       |       |     1 ||     1
  Eat: Chunk             |     1 |     3 |     1 ||     5
Armor: Leather armour    |    14 |    40 |       ||    54
       Robe              |       |     4 |    18 ||    22
Dodge: Dodged            |    51 |   100 |    40 ||   191

Table legend:
 A = Spawn XP
 B = Non-spawn XP
 C = Spawn XP percentage of total XP
 D = Spawn monster count
 E = Non-spawn monster count
 F = Spawn count percentage of total count
 G = Total turns spent on level
                    A         B        C        D         E        F      G
               +---------+---------+-------+---------+---------+-------+---------
         Total |       0 |     886 |   0.0 |       0 |      91 |   0.0 |  2525
               +---------+---------+-------+---------+---------+-------+---------
           D:1 |       0 |      30 |   0.0 |       0 |      18 |   0.0 |   600
           D:2 |       0 |      42 |   0.0 |       0 |      10 |   0.0 |   705
           D:3 |       0 |     181 |   0.0 |       0 |      33 |   0.0 |   486
           D:4 |       0 |     498 |   0.0 |       0 |      28 |   0.0 |   699
           D:5 |       0 |     135 |   0.0 |       0 |       2 |   0.0 |    35
               +---------+---------+-------+---------+---------+-------+---------
